 Dungeon Crawl Stone Soup version 0.30-a0-219-gf2db51d15e (webtiles) character file.

Game seed: 15348154226442569331

109 Decritt the Trooper (level 4, 37/37 HPs)
             Began as a Demonspawn Fighter on Oct 7, 2022.
             Quit the game on level 3 of the Dungeon.
             The game lasted 00:04:10 (1459 turns).

Decritt the Trooper (Demonspawn Fighter)            Turns: 1459, Time: 00:04:10

Health: 37/37      AC:  9    Str: 18    XL:     4   Next: 60%
Magic:  4/4        EV:  9    Int: 10    God:
Gold:   123        SH:  4    Dex: 12    Spells: 3/3 levels left

rFire   . . .      SeeInvis .    f - +1 whip (drain)
rCold   . . .      Faith    .    c - +0 buckler
rNeg    . . .      Spirit   .    b - +0 scale mail
rPois   .          Reflect  .    (helmet restricted)
rElec   .          Harm     .    (no cloak)
rCorr   .          Rampage  .    l - +0 pair of gloves
Will    .....                    k - +0 pair of boots
Stlth   ..........               (no amulet)
HPRegen 0.26/turn                (no ring)
MPRegen 0.09/turn                (no ring)

@: no status effects
A: hooves 1, horns 1, demonic magic 1
a: no special abilities


You were on level 3 of the Dungeon.
You visited 1 branch of the dungeon, and saw 3 of its levels.

You collected 123 gold pieces.

Inventory:

Hand Weapons
 a - a +0 war axe
 f - a +1 whip of draining (weapon)
Missiles
 p - 4 silver javelins (quivered)
Armour
 b - a +0 scale mail (worn)
 c - a +0 buckler (worn)
 k - a +0 pair of boots (worn)
 l - a +0 pair of gloves (worn)
Scrolls
 h - a scroll of blinking {unknown}
 i - 2 scrolls of identify {unknown}
 m - a scroll of noise {unknown}
 o - a scroll of magic mapping {unknown}
 q - a scroll of torment {unknown}
Potions
 d - 2 potions of might
 e - a potion of haste {unknown}
 g - a potion of flight {unknown}
 j - 3 potions of degeneration {unknown}
 n - a potion of lignification {unknown}


   Skills:
 + Level 3.7 Fighting
 - Level 2.0 Axes
 + Level 3.3 Armour
 + Level 1.4 Dodging
 + Level 3.3 Shields


You had 3 spell levels left.
You didn't know any spells.
Your spell library contained the following spells:

 Spells                   Type           Power      Damage    Failure   Level
 Cigotuvi's Dreadful Rot  Necr/Pois/Air  0%         N/A       93%         2
 Poisonous Vapours        Pois/Air       0%         N/A       93%         2
 Mephitic Cloud           Conj/Pois/Air  0%         N/A       99%         3


Dungeon Overview and Level Annotations

Branches:
Dungeon (3/15)

Altars:


Innate Abilities, Weirdness & Mutations

You have large cloven feet.
You have a pair of small horns on your head.
Spells you cast may paralyse adjacent enemies.


Message History

The dart slug launches a dart at you.
The slug dart hits you but does no damage.
Sorry, you're not good enough to have a special ability.
Unknown command.
A dart slug is nearby!
The dart slug launches a dart at you. The slug dart hits you.
You hit the dart slug.
The dart slug is moderately wounded.
You hit the dart slug but do no damage. You drain the dart slug.
The dart slug is severely wounded.
The dart slug bites you but does no damage.
You hit the dart slug.
You kill the dart slug!
No target in view!
Found a stone staircase leading up.
d - 2 potions of might (gained 1)
Found an escape hatch in the ceiling.
You now have 79 gold pieces (gained 18).
You now have 90 gold pieces (gained 11).
j - 3 fuming pink potions (gained 1)
o - a scroll labelled WOILIEPSUKH
Found 4 silver javelins.
You see here 4 silver javelins.
p - 4 silver javelins You now have 103 gold pieces (gained 13).
You now have 106 gold pieces (gained 3).
Found a club.
q - a scroll labelled OFEK DADAECHO You now have 123 gold pieces (gained 17).
Done exploring.
Done exploring.
(D) Dungeon
Where to? (Enter - D:2, ? - help)
There is a stone staircase leading down here.
You climb downwards.
There is a stone staircase leading up here.
Sorry, you're not good enough to have a special ability.
Unknown command.
Are you sure you want to abandon this character and quit the game? (Confirm with "yes".)

#### ..# #.# ##.##
..# #@..########
.....####)#..)......
.......<........####
.....####.#####.#
.## #.# # ... #....
#.#.## .. .#


There were no monsters in sight!

Vanquished Creatures
  An orc priest (D:2)
  Robin (D:2)
  4 dart slugs
  2 orcs (D:2)
  3 ball pythons
  A bat (D:2)
  3 endoplasms
  3 giant cockroaches (D:1)
  14 goblins
  5 hobgoblins
  2 jackals (D:2)
  4 kobolds
  A quokka (D:1)
  8 frilled lizards
  2 rats
54 creatures vanquished.

Notes
Turn   | Place    | Note
-------+----------+-------------------------------------------
     0 | D:1      | Decritt the Demonspawn Fighter began the quest for the Orb.
     0 | D:1      | Reached XP level 1. HP: 18/18 MP: 1/1
    13 | D:1      | Found a faded altar of an unknown god.
   161 | D:1      | Discovered your monstrous ancestry.
   161 | D:1      | Gained mutation: You have a pair of small horns on your
                  | head. [demonic ancestry]
   161 | D:1      | Reached XP level 2. HP: 23/24 MP: 2/2
   870 | D:2      | Gained mutation: Spells you cast may paralyse adjacent
                  | enemies. [demonic ancestry]
   870 | D:2      | Reached XP level 3. HP: 24/29 MP: 3/3
   932 | D:2      | Noticed Robin
   963 | D:2      | Killed Robin
   964 | D:2      | Reached skill level 1 in Dodging
  1187 | D:2      | Gained mutation: You have large cloven feet. [demonic
                  | ancestry]
  1187 | D:2      | Reached XP level 4. HP: 35/35 MP: 4/4
  1459 | D:3      | Quit the game

Illustrated notes

Levels and vault maps discovered:
D:1:      ebering_hopf_link, layout_basic, basic_ecumenical_altar,
          minmay_tetromino_t2
D:2:      layout_rooms, grunt_ministairs_2, uniq_robin
D:3:      layout_loops_ring, mainiacjoe_overflow_chevrons, saegor_snake_ambush

Skill      XL: |  1  2  3 |
---------------+----------+-----
Axes           | 2 |  2.0
Shields        | 3 |  3.3
Armour         | 3 |  3.3
Dodging        | 1 |  1.4
Fighting       | |  3.7

Action                   |  1- 3 |  4- 6 || total
-------------------------+-------+-------++-------
Melee: Whip              |   123 |    21 ||   144
       War axe           |     3 |       ||     3
       Headbutt          |    10 |     3 ||    13
Armor: Scale mail        |    69 |    20 ||    89
Dodge: Dodged            |    44 |    15 ||    59
Block: Buckler           |    37 |    10 ||    47

Table legend: (Time is in decaauts)
 A = Elapsed time spent in this place.
 B = Non-inter-level travel time spent in this place.
 C = Inter-level travel time spent in this place.
 D = Time resting spent in this place.
 E = Time spent auto-exploring this place.
 F = Levels seen in this place.
 G = Mean time per level.
                   A        B        C        D        E       F      G
               +--------+--------+--------+--------+--------+-----+--------+
         Total |   1472 |   1418 |     54 |    109 |    987 |   3 |  490.7 |
       Dungeon |   1472 |   1418 |     54 |    109 |    987 |   3 |  490.7 |
               +--------+--------+--------+--------+--------+-----+--------+

Top non-repeatable levels by time:
     D:1: 846 daAuts
     D:2: 511 daAuts
     D:3: 113 daAuts
